 Dungeon Sprint DCSS version 0.27-a0-1193-g8631133539 (webtiles) character file.

Game seed: 15606584046233142843

571 rocky1 the Cleaver (level 7, 0/57 HPs)
             Began as a Hill Orc Fighter on May 26, 2021.
             Was a Follower of Qazlal.
             Slain by a human
             ... wielding a +0 hand axe
              (11 damage)
             ... in the Dungeon (Sprint III: "The Ten Rune Challenge").
             The game lasted 00:05:15 (1433 turns).

rocky1 the Cleaver (Hill Orc Fighter)               Turns: 1433, Time: 00:05:15

Health: 0/57       AC:  6    Str: 21    XL:     7   Next: 34%
Magic:  9/9        EV:  9    Int:  8    God:    Qazlal [*.....]
Gold:   29         SH: 14    Dex: 10    Spells: 6/6 levels left

rFire    . . .     SeeInvis .   a - +0 war axe
rCold    . . .     Faith    .   c - +0 kite shield
rNeg     . . .     Spirit   .   b - +0 scale mail
rPois    .         Reflect  .   (no helmet)
rElec    .         Harm     .   (no cloak)
rCorr    .         Rampage  .   (no gloves)
Will     .....     NoTele   +   (no boots)
Stlth    ..........             (no amulet)
HPRegen  0.19/turn              (no ring)
MPRegen  0.11/turn              (no ring)

@: mighty
A: no striking features
a: Renounce Religion


You were in the Dungeon.
You worshipped Qazlal.
Qazlal was aware of your devotion.
You visited 1 branch You collected 29 gold pieces.

Inventory:

Hand Weapons
 a - a +0 war axe (weapon)
Armour
 b - a +0 scale mail (worn)
 c - a +0 kite shield (worn)
Scrolls
 j - a scroll of blinking
 l - a scroll of immolation
 n - a scroll of torment
Potions
 d - a potion of might
 e - a potion of curing
 g - 4 potions of mutation {unknown}
 h - 2 potions of magic
 k - 3 potions of flight
Miscellaneous
 i - a piece from Xom's chessboard (15/15)


   Skills:
 - Level 3.6 Fighting
 + Level 13.5 Axes
 - Level 3.2 Armour
 + Level 11.8 Shields
 + Level 3.9 Invocations


You had 6 spell levels left.
You didn't know any spells.
Your spell library contained the following spells:

 Spells                   Type           Power      Damage    Failure   Level
 Corona                   Hex            0%         N/A       87%         1
 Magic Dart               Conj           0%         1d3       87%         1
 Ensorcelled Hibernation  Hex/Ice        0%         N/A       95%         2
 Searing Ray              Conj           0%         3d3       95%         2
 Confusing Touch          Hex            0%         N/A       99%         3
 Dazzling Flash           Conj/Hex       0%         N/A       99%         3
 Tukima's Dance           Hex            0%         N/A       99%         3
 Fulminant Prism          Conj/Hex       0%         3d6       100%        4
 Iskenderun's Mystic Bla  Conj/Tloc      0%         2d3       100%        4


Dungeon Overview and Level Annotations

Branches:
Dungeon (1/1)

Altars:
Cheibriados
Dithmenos
Fedhas
Gozag
Hepliaklqana
Kikubaaqudgha
Makhleb
Nemelex Xobeh
Okawaru
Qazlal
Ru
Sif Muna
Trog
Uskayaw
Vehumet
Wu Jian
Xom
Yredelemnul
Beogh
Jiyva
Lugonu


Message History

You block the human's attack. The human hits you with a +0 hand axe!
* * * LOW HITPOINT WARNING * * *
You slash the human!
The human is almost dead.
You block the human's attack.
You feel much better. You block the human's attack. x2
You closely miss the human.
The human is almost dead.
The human hits you with a +0 hand axe!
You closely miss the human.
The human is almost dead.
The human hits you with a +0 hand axe.
Your scale mail prevents you from hitting the human.
The human is almost dead.
The human is no longer berserk.
The human hits you with a +0 hand axe!
* * * LOW HITPOINT WARNING * * *
You barely miss the human.
The human is almost dead.
The human no longer looks unusually strong.
You block the human's attack.
You completely miss the human.
The human is almost dead.
You miss the human.
The human is almost dead.
You block the human's attack.
You hit the human but do no damage.
The human is almost dead.
The human barely misses you.
You barely miss the human.
The human is almost dead.
You barely miss the human.
The human is almost dead.
The human hits you with a +0 hand axe!
* * * LOW HITPOINT WARNING * * *
Unknown command.
You feel better.
Unknown command.
You feel very mighty all of a sudden. The human hits you with a +0 hand axe!
You die...

▓▓▓▓▓▓▓▓▓▓ ▓▓▓ <.#..'...♣♣
♣@# ######## ..#..#....♣ ♣♣p#
#___#__# #'####....♣♣ ♣.p#
#__.#)_#
..÷..#....≈♣♣♣♣♣.###+#'###'##
....)#...≈≈..♣...#..........#
.....#..≈≈≈≈.....'.⌠........#
####'#..≈≈≈≈≈≈.♣.#...######'#
(....#.≈≈≈≈≈≈....#.⌠.#__#...#
.....#.≈≈≈≈≈.....#)..#__#...#


You could see 2 humans.

Vanquished Creatures
  A shadow (D)
  A spatial vortex (D)
  A necrophage (D)
  A water elemental (D)
  A jelly (D)
  Jessica (D)
  A necromancer (D)
  A human (D)
  A kobold demonologist (D)
  A phantom (D)
  An endoplasm (D)
  2 rats (D)
13 creatures vanquished.

Vanquished Creatures (others)
  A wizard (D)
1 creature vanquished.

Grand Total: 14 creatures vanquished

Notes
Turn   | Place    | Note
-------+----------+-------------------------------------------
     0 | D        | rocky1 the Hill Orc Fighter began the quest for the Orb.
     0 | D        | Reached XP level 1. HP: 19/19 MP: 1/1
     5 | D        | Reached skill level 3 in Axes
    15 | D        | Noticed Jessica
    21 | D        | Killed Jessica
    22 | D        | Reached skill level 6 in Axes
    22 | D        | Reached skill level 5 in Shields
    22 | D        | Reached XP level 2. HP: 6/26 MP: 2/2
    22 | D        | Reached XP level 3. HP: 7/31 MP: 3/3
   306 | D        | Reached skill level 7 in Axes
   421 | D        | Noticed a water elemental
   425 | D        | Killed a water elemental
   426 | D        | Reached skill level 9 in Axes
   426 | D        | Reached XP level 4. HP: 39/39 MP: 4/4
   548 | D        | Reached XP level 5. HP: 34/45 MP: 5/5
   623 | D        | Noticed a shadow
   629 | D        | Killed a shadow
   630 | D        | Reached skill level 11 in Axes
   630 | D        | Reached skill level 10 in Shields
   630 | D        | Reached XP level 6. HP: 32/51 MP: 6/6
   744 | D        | Found a blossoming altar of Fedhas.
   744 | D        | Found a stormy altar of Qazlal.
   744 | D        | Found a snail-covered altar of Cheibriados.
   744 | D        | Found a burning altar of Makhleb.
   744 | D        | Found a shimmering altar of Xom.
   744 | D        | Noticed a spatial vortex
   745 | D        | Found a hazy altar of Hepliaklqana.
   745 | D        | Found an opulent altar of Gozag.
   745 | D        | Found a sparkling altar of Nemelex Xobeh.
   745 | D        | Found a corrupted altar of Lugonu.
   745 | D        | Found a viscous altar of Jiyva.
   748 | D        | Became a worshipper of Qazlal Stormbringer
   768 | D        | Killed a spatial vortex
   769 | D        | Reached skill level 13 in Axes
  1055 | D        | Found a basalt altar of Yredelemnul.
  1055 | D        | Found a shadowy altar of Dithmenos.
  1055 | D        | Found a sacrificial altar of Ru.
  1055 | D        | Noticed a necrophage
  1064 | D        | Killed a necrophage
  1065 | D        | Reached XP level 7. HP: 45/57 MP: 6/9
  1072 | D        | Reached * piety under Qazlal
  1156 | D        | Found a radiant altar of Vehumet.
  1156 | D        | Found a shimmering blue altar of Sif Muna.
  1156 | D        | Found an ancient bone altar of Kikubaaqudgha.
  1168 | D        | Noticed a red devil
  1170 | D        | Noticed a sun demon
  1400 | D        | Found a hide-covered altar of Uskayaw.
  1400 | D        | Found a roughly hewn altar of Beogh.
  1400 | D        | Found an iron altar of Okawaru.
  1400 | D        | Found a bloodstained altar of Trog.
  1400 | D        | Found an ornate altar of the Wu Jian Council.
  1400 | D        | Noticed a human
  1400 | D        | Noticed a human
  1431 | D        | HP: 1/57 [human/+0 hand axe (9)]
  1433 | D        | Slain by a human

Illustrated notes

Levels and vault maps discovered:
D:        dungeon_sprint_mu [sprint_mu_entry_forest, sprint_mu_temple_rooms,
          sprint_mu_d1_horrors, sprint_mu_d2_genie, sprint_mu_d3_branching,
          sprint_mu_orc_legion, sprint_mu_elf_gauntlet, sprint_mu_hive_nellie,
          sprint_mu_lair_fedhas, sprint_mu_vaults_butterflies,
          sprint_mu_slime_circle, sprint_mu_shoals_archi,
          sprint_mu_snake_twists, sprint_mu_blade_basic,
          sprint_mu_crypt_fortress, sprint_mu_tomb_spiral,
          sprint_mu_vestibule_basic, sprint_mu_gehenna_hellfire,
          sprint_mu_dis_giant, sprint_mu_tartarus_statrot,
          sprint_mu_cocytus_islands, sprint_mu_zot1]

Skill      XL: |  1  2  3  4  5  6  7 |
---------------+----------------------+-----
Axes           | 6 9 11 13 | 13.5
Shields        | 5 7 8 10 11 | 11.8
Invocations    | 2 3 |  3.9
Fighting       | |  3.6
Armour         | |  3.2

Action                   |  1- 3 |  4- 6 |  7- 9 || total
-------------------------+-------+-------+-------++-------
Melee: War axe           |    31 |    36 |    38 ||   105
  Use: Potion            |     2 |     1 |     3 ||     6
       Scroll            |     2 |       |       ||     2
Armor: Scale mail        |     6 |     3 |     3 ||    12
Dodge: Dodged            |     4 |     6 |     5 ||    15
Block: Kite shield       |    12 |    11 |    18 ||    41

Table legend: (Time is in decaauts)
 A = Elapsed time spent in this place.
 B = Non-inter-level travel time spent in this place.
 C = Inter-level travel time spent in this place.
 D = Time resting spent in this place.
 E = Time spent auto-exploring this place.
 F = Levels seen in this place.
 G = Mean time per level.
                   A        B        C        D        E       F      G
               +--------+--------+--------+--------+--------+-----+--------+
         Total |   1440 |   1440 |      0 |   1109 |      0 |   1 | 1440.0 |
       Dungeon |   1440 |   1440 |      0 |   1109 |      0 |   1 | 1440.0 |
               +--------+--------+--------+--------+--------+-----+--------+

Top non-repeatable levels by time:
       D: 1440 daAuts
